 Dungeon Sprint DCSS version 0.29.1-2-gbd0b4ee654 (webtiles) character file.

Game seed: 29247742757166452

9564 Groucho the Imperceptible (level 11, -18/49 HPs)
             Began as a Felid Berserker on Nov 5, 2022.
             Was a High Priest of Trog.
             Demolished by a fire giant
             ... wielding a +2 great sword of flaming
              (41 damage)
             ... in the Dungeon (Sprint I: "Red Sonja").
             The game lasted 00:16:03 (4232 turns).

Groucho the Imperceptible (Felid Berserker)         Turns: 4232, Time: 00:16:04

Health: -18/49     AC:  2    Str: 15    XL:     11   Next: 24%
Magic:  12/12      EV: 32    Int:  9    God:    Trog [*****.]
Gold:   1762       SH:  0    Dex: 16    Spells: 10/10 levels left
                                        Lives:  0   Deaths: 2

rFire   + + .      SeeInvis +     - Unarmed
rCold   + . .      Faith    .   (shield unavailable)
rNeg    . . .      Spirit   .   (body armour unavailable)
rPois   +          Reflect  .   (helmet unavailable)
rElec   +          Harm     .   (cloak unavailable)
rCorr   +          Rampage  .   (gloves unavailable)
Will    +....      NoTele   +   (boots unavailable)
Stlth   ++++++++++              (no amulet)
HPRegen 0.16/turn               r - ring of protection from fire
MPRegen 0.13/turn               n - +4 ring of evasion

@: resistant, quick
A: very small, claws 1, fangs 3, see invisible, speed 1, shaggy fur 2, stealthy
paws, no weapons or thrown items, no armour, multi-lived, camouflage 1,
deterioration 1, frail 2, weak 1, subdued magic 1
a: Renounce Religion, Berserk, Trog's Hand, Brothers in Arms


You were in the Dungeon.
You worshipped Trog.
Trog was extremely pleased with you.
You visited 1 branch You collected 3756 gold pieces.
You spent 1994 gold pieces at shops.

Inventory:

Jewellery
 m - a ring of flight
 n - a +4 ring of evasion (right paw)
 o - a ring of willpower
 r - a ring of protection from fire (left paw)
 s - a ring of poison resistance
 u - a +4 ring of evasion
Wands
 f - a wand of flame (30)
 g - a wand of digging (1)
Scrolls
 i - a scroll of vulnerability {unknown}
 k - 2 scrolls of torment {unknown}
 l - a scroll of amnesia {unknown}
 p - 3 scrolls of identify {unknown}
 q - 3 scrolls of immolation {unknown}
Potions
 a - 4 potions of curing
 b - 2 potions of heal wounds
 c - 2 potions of haste
 d - 2 potions of magic
 e - a potion of berserk rage
 h - a potion of brilliance {unknown}
 j - 2 potions of might
 t - a potion of resistance


   Skills:
 + Level 15.8 Fighting
 + Level 16.5 Dodging
 - Level 25.8 Stealth
 * Level 18.9 Unarmed Combat


You had 10 spell levels left.
You didn't know any spells.
Your spell library was empty.

Dungeon Overview and Level Annotations

Branches:
Dungeon (1/1)

Altars:
Cheibriados
Dithmenos
Elyvilon
Fedhas
Gozag
Hepliaklqana
Kikubaaqudgha
Makhleb
Nemelex Xobeh
Okawaru
Qazlal
Ru
Sif Muna
Trog
Uskayaw
Vehumet
Wu Jian
Xom
Yredelemnul
Zin
The Shining One
Jiyva
Lugonu

Shops:
D !(?!!=(**[=*!((:!*:[[*

Annotations:
D exclusion: oklob plant


Innate Abilities, Weirdness & Mutations

You have sharp claws.
You have razor-sharp teeth.
You have supernaturally acute eyesight. (SInv)
You cover ground quickly. (Speed+)
You are covered in thick fur. (AC +2)
Your paws help you pounce on unaware monsters.
You are incapable of wielding weapons or throwing items.
You cannot wear armour.
You gain extra lives every three experience levels.
Your skin changes colour to match your surroundings (Stealth+).
Your body sometimes deteriorates upon taking damage.
You are very frail. (-20% HP)
You are weak. (Str -2)
Your spells are a little easier to cast, but a little less powerful.


Message History

Your ogre goes berserk!
The fire giant hits your ogre with a +2 great sword of flaming!!
The fire giant burns your ogre.
Unknown command.
Unknown command.
Your ogre hits the fire giant with a +0 giant club!!
The fire giant dies!
Trog accepts your kill.
Trog appreciates your killing of a magic user.
Unknown command.
Unknown command.
You swap places.
Your ogre rages.
There is an open door here.
The fire giant hits you with a +2 great sword of flaming!
You scratch the fire giant.
The fire giant is lightly wounded.
The fire giant completely misses you.
Your ogre barely misses the fire giant.
Unknown command.
Unknown command.
You feel much better.
The fire giant points at you and mumbles some strange words.
The bolt of fire misses you.
Your ogre hits the fire giant with a +0 giant club!!
You scratch the fire giant but do no damage.
You bite the fire giant!
The fire giant is moderately wounded.
Unknown command.
Unknown command.
You mangle the fire giant!! You claw the fire giant!
The fire giant is severely wounded.
Your ogre hits the fire giant with a +0 giant club!
The fire giant hits you with a +2 great sword of flaming!
The fire giant burns you.
Unknown command.
You scratch the fire giant but do no damage.
The fire giant is severely wounded.
The fire giant hits you with a +2 great sword of flaming!!!
Ouch! That really hurt!
You die...

###○°.#.....#..###$#..≈.##§#§.§.#
'.#°°.###++##.##..$#..≈##...§§.§§
#.#..## #..#+###..≈#....§§...
#.#..# ##...#P≈..##.....§...
#§##'# ###.#M≈..#......§...
#§##(# #.###..#.......... '§####
#.# '..##......... #§# ####O#
##'##......... #§# ###..C@#
~~##........ §.#?!!#####...####
~~ ##......# ###/...C....###
######## $!....##### /.... ....
$$$ ## ≈


You could see a fire giant (ally target) and a friendly ogre (summoned,
berserk).

Vanquished Creatures
  A lorocyproca (D)
  A hydra (D)
  2 centaur warriors (D)
  Sonja (D)
  A deep troll (D)
  A lindwurm (D)
  An oklob plant (D)
  A shining eye (D)
  2 merfolk sirens (D)
  7 unseen horrors (D)
  2 kobold demonologists (D)
  A hellwing (D)
  3 hornets (D)
  A slime creature (D)
  Sigmund (D)
  A yak (D)
  13 hogs (D)
  2 redbacks (D)
  3 floating eyes (D)
  An ogre (D)
  7 necrophages (D)
  8 jellies (D)
  Ijyb (D)
62 creatures vanquished.

Vanquished Creatures (collateral kills)
  A golden dragon (D)
  A shadow dragon (D)
  3 fire giants (D)
  7 shining eyes (D)
  A gargoyle (D)
  4 demonic crawlers (D)
  4 floating eyes (D)
  A ballistomycete spore (D)
22 creatures vanquished.

Vanquished Creatures (others)
  A deep elf annihilator (D)
  2 hornets (D)
  A ballistomycete spore (D)
4 creatures vanquished.

Grand Total: 88 creatures vanquished

Notes
Turn   | Place    | Note
-------+----------+-------------------------------------------
     0 | D        | Groucho the Felid Berserker began the quest for the Orb.
     0 | D        | Reached XP level 1. HP: 10/10 MP: 2/2
     2 | D        | Noticed Ijyb
    16 | D        | Killed Ijyb
    17 | D        | Reached skill level 8 in Stealth
    17 | D        | Reached XP level 2. HP: 10/14 MP: 3/3
   382 | D        | Noticed an ogre
   390 | D        | Killed an ogre
   391 | D        | Reached skill level 13 in Stealth
   391 | D        | Reached XP level 3. HP: 17/17 MP: 4/4
   391 | D        | Reached XP level 4. HP: 21/21 MP: 5/5
   541 | D        | Noticed Sigmund
   543 | D        | Killed Sigmund
   543 | D        | Reached ** piety under Trog
   544 | D        | Reached skill level 17 in Stealth
   544 | D        | Reached XP level 5. HP: 24/24 MP: 6/6
   544 | D        | Gained mutation: You are covered in thick fur. (AC +2)
                  | [Felid growth]
   544 | D        | Reached XP level 6. HP: 28/28 MP: 7/7
   555 | D        | Found a shimmering blue altar of Sif Muna.
   556 | D        | Found an ornate altar of the Wu Jian Council.
   557 | D        | Found a radiant altar of Vehumet.
   690 | D        | Found Sewkuis's Distillery.
   690 | D        | Found an ancient bone altar of Kikubaaqudgha.
   690 | D        | Found a hazy altar of Hepliaklqana.
   690 | D        | Found a stormy altar of Qazlal.
   690 | D        | Found a hide-covered altar of Uskayaw.
   690 | D        | Found a blossoming altar of Fedhas.
   690 | D        | Found a bloodstained altar of Trog.
   690 | D        | Found an iron altar of Okawaru.
   690 | D        | Found a basalt altar of Yredelemnul.
   690 | D        | Found a glowing golden altar of the Shining One.
   690 | D        | Found a snail-covered altar of Cheibriados.
   690 | D        | Found a sacrificial altar of Ru.
   690 | D        | Found a glowing silver altar of Zin.
   690 | D        | Found a shadowy altar of Dithmenos.
   690 | D        | Found a white marble altar of Elyvilon.
   690 | D        | Noticed a yak
   691 | D        | Found an opulent altar of Gozag.
   692 | D        | Killed a yak
   693 | D        | Reached skill level 19 in Stealth
   693 | D        | Found a sparkling altar of Nemelex Xobeh.
   697 | D        | Bought a potion of curing for 33 gold pieces
   697 | D        | Bought a potion of curing for 33 gold pieces
   697 | D        | Bought 2 potions of might for 88 gold pieces
   711 | D        | Found a burning altar of Makhleb.
   711 | D        | Found a shimmering altar of Xom.
   711 | D        | Noticed a slime creature
   712 | D        | Found a viscous altar of Jiyva.
   712 | D        | Found a corrupted altar of Lugonu.
   720 | D        | Killed a slime creature
   721 | D        | Reached skill level 5 in Dodging
   721 | D        | Reached XP level 7. HP: 14/32 MP: 8/8
  1064 | D        | Noticed a centaur warrior
  1064 | D        | Noticed a centaur warrior
  1065 | D        | Killed a centaur warrior
  1066 | D        | Reached skill level 20 in Stealth
  1066 | D        | Reached XP level 8. HP: 39/39 MP: 9/9
  1066 | D        | Killed a centaur warrior
  1066 | D        | Reached *** piety under Trog
  1067 | D        | Reached skill level 21 in Stealth
  1078 | D        | Noticed a hornet
  1081 | D        | Killed a hornet
  1082 | D        | Reached skill level 10 in Dodging
  1082 | D        | Reached XP level 9. HP: 44/44 MP: 10/10
  1092 | D        | Noticed an oklob plant
  1094 | D        | Killed an oklob plant
  1102 | D        | Reached **** piety under Trog
  1103 | D        | Reached skill level 22 in Stealth
  1110 | D        | Paralysed by a floating eye for 3 turns
  1132 | D        | Noticed an unseen horror
  1133 | D        | Noticed an unseen horror
  1151 | D        | Killed an unseen horror
  1186 | D        | Killed an unseen horror
  1191 | D        | Reached ***** piety under Trog
  1217 | D        | Identified the +8 rapier of Ridisu {vorpal, rC+ Will-
                  | Int+2}
  1233 | D        | Reached ****** piety under Trog
  1240 | D        | Reached skill level 10 in Fighting
  1240 | D        | Reached skill level 10 in Unarmed Combat
  1240 | D        | Reached XP level 10. HP: 51/51 MP: 11/11
  1395 | D        | Found Uqafuuze's General Store.
  1395 | D        | Found Duhueh's Antique Weapon Shop.
  1395 | D        | Found Dari's General Store.
  1397 | D        | Found Cellanon's Antique Armour Emporium.
  1397 | D        | Found Faf Neul's Jewellery Shop.
  1397 | D        | Found Umonuce's Assorted Antiques.
  1397 | D        | Found Qeullu's Distillery.
  1397 | D        | Found Itaetotagi's Antique Weapon Emporium.
  1397 | D        | Found Wuluy's Antique Weapon Shop.
  1397 | D        | Found Attogheh's Book Shoppe.
  1401 | D        | Found Qezour's Distillery.
  1402 | D        | Found Waehap's Book Emporium.
  1402 | D        | Found Pele Rite's Assorted Antiques.
  1403 | D        | Bought a ring of flight for 227 gold pieces
  1403 | D        | Found Pagu's Antique Armour Emporium.
  1417 | D        | Bought a potion of heal wounds for 70 gold pieces
  1417 | D        | Bought a potion of heal wounds for 70 gold pieces
  1423 | D        | Bought a +4 ring of evasion for 468 gold pieces
  1450 | D        | Bought a copper ring for 100 gold pieces
  1503 | D        | Noticed a deep troll
  1505 | D        | Killed a deep troll
  1506 | D        | Reached skill level 23 in Stealth
  1517 | D        | Found Rudwolol's Armour Emporium.
  1532 | D        | Noticed Sonja
  1540 | D        | Killed Sonja
  1788 | D        | Found Laebrir's Distillery.
  1943 | D        | Paralysed by a floating eye for 2 turns
  1949 | D        | Paralysed by a floating eye for 3 turns
  2092 | D        | Reached skill level 24 in Stealth
  2092 | D        | Noticed a gargoyle
  2094 | D        | Killed a gargoyle
  2179 | D        | Noticed a lindwurm
  2181 | D        | Killed a lindwurm
  2200 | D        | Reached XP level 11. HP: 57/57 MP: 12/12
  2396 | D        | Noticed a 12-headed hydra
  2398 | D        | Killed a 12-headed hydra
  2476 | D        | Noticed a shining eye
  2476 | D        | Noticed a shining eye
  2476 | D        | Noticed a shining eye
  2476 | D        | Noticed a shining eye
  2476 | D        | Noticed a shining eye
  2476 | D        | Noticed a shining eye
  2478 | D        | Reached skill level 25 in Stealth
  2479 | D        | Killed a shining eye
  2480 | D        | Killed a shining eye
  2480 | D        | Killed a shining eye
  2481 | D        | Gained mutation: Your skin changes colour to match your
                  | surroundings (Stealth+). [a shining eye]
  2482 | D        | Killed a shining eye
  2482 | D        | Gained mutation: You are weak. (Str -2) [a shining eye]
  2484 | D        | Noticed a shining eye
  2484 | D        | Killed a shining eye
  2485 | D        | Noticed a shining eye
  2485 | D        | Gained mutation: Your spells are a little easier to cast,
                  | but a little less powerful. [a shining eye]
  2486 | D        | Reached skill level 15 in Unarmed Combat
  2486 | D        | Gained mutation: Your body sometimes deteriorates upon
                  | taking damage. [a shining eye]
  2488 | D        | Killed a shining eye
  2489 | D        | Killed a shining eye
  2490 | D        | Gained mutation: You are frail. (-10% HP) [a shining eye]
  2491 | D        | Gained mutation: You are very frail. (-20% HP) [a shining
                  | eye]
  2492 | D        | Killed a shining eye
  2497 | D        | Found Roennoev's Weapon Shoppe.
  2497 | D        | Found Movva's Jewellery Boutique.
  2497 | D        | Found Seuz's Magic Scroll Emporium.
  2498 | D        | Found Weklumuwk's Distillery.
  2504 | D        | Bought a ring of protection from fire for 350 gold pieces
  2504 | D        | Bought a ring of poison resistance for 280 gold pieces
  2520 | D        | Bought a potion of resistance for 110 gold pieces
  2520 | D        | Bought a potion of heal wounds for 55 gold pieces
  2520 | D        | Bought a potion of resistance for 110 gold pieces
  2603 | D        | Noticed a lorocyproca
  2608 | D        | Killed a lorocyproca
  3089 | D        | Noticed a shadow dragon
  3089 | D        | Noticed a golden dragon
  3095 | D        | Slain by a golden dragon
  3096 | D        | Reached XP level 10. HP: -1/44 MP: 11/11
  3104 | D        | Killed a shadow dragon
  3105 | D        | Reached XP level 11. HP: 48/48 MP: 12/12
  3106 | D        | Killed a golden dragon
  3402 | D        | Found Niytzeg's General Store.
  3446 | D        | Noticed a deep elf annihilator
  3465 | D        | Reached skill level 15 in Dodging
  3771 | D        | Reached skill level 15 in Fighting
  3990 | D        | Killed from afar by a deep elf annihilator
  3991 | D        | Reached XP level 10. HP: -13/45 MP: 11/11
  3991 | D        | Killed a deep elf annihilator
  4011 | D        | Noticed a mummy priest
  4057 | D        | Noticed an oklob plant
  4084 | D        | Noticed a daeva
  4194 | D        | Noticed a fire giant
  4197 | D        | Noticed a fire giant
  4198 | D        | Noticed a fire giant
  4199 | D        | Noticed a fire giant
  4215 | D        | Killed a fire giant
  4216 | D        | Reached XP level 11. HP: 31/48 MP: 12/12
  4217 | D        | Killed a fire giant
  4224 | D        | Killed a fire giant
  4232 | D        | Demolished by a fire giant

Illustrated notes

Levels and vault maps discovered:
D:        dungeon_sprint_1 [red_sonja_temple_1, red_sonja_temple_small_1]

Skill      XL: |  1  2  3  4  5  6  7  8  9 10 11 |
---------------+----------------------------------+-----
Stealth        | 8 13 17 19 20 21 22 24 25 | 25.8
Fighting       | 4 6 7 10 12 15 | 15.8
Dodging        | 5 8 10 12 14 16 | 16.5
Unarmed Combat | 4 6 7 10 18 17 | 18.9

Action                   |  1- 3 |  4- 6 |  7- 9 | 10-12 || total
-------------------------+-------+-------+-------+-------++-------
Melee: Unarmed           |    13 |    10 |    48 |   102 ||   173
       Bite              |       |     2 |     6 |    15 ||    23
       Punch             |       |       |     2 |     8 ||    10
Invok: Berserk           |     2 |     2 |     1 |     1 ||     6
       Trog's Hand       |       |       |     2 |     4 ||     6
       Brothers in Arms  |       |       |       |    14 ||    14
Evoke: Wand              |       |       |       |     2 ||     2
  Use: Scroll            |       |       |     1 |       ||     1
       Potion            |       |       |       |     4 ||     4
 Stab: Sleeping          |     1 |     2 |    14 |    16 ||    33
Armor: Skin              |       |     1 |     1 |     1 ||     3
Dodge: Dodged            |     5 |     3 |    34 |    94 ||   136
